 Dungeon Crawl Stone Soup version 0.29.0-4-gdea44cf6ec (webtiles) character file.

Game seed: 16051360493466466144

92 qw the Chopper (level 4, -6/36 HPs)
             Began as a Barachi Chaos Knight on Sept 6, 2022.
             Mangled by a gnoll
             ... wielding a +0 flail
              (8 damage)
             ... on level 2 of the Dungeon.
             The game lasted 00:00:46 (1823 turns).

qw the Chopper (Barachi Chaos Knight)               Turns: 1823, Time: 00:00:47

Health: -6/36      AC:  5    Str: 15      XL:     4   Next: 60%
Magic:  4/4        EV: 10    Int: 12      God:
Gold:   96         SH:  0    Dex: 10 (12) Spells: 3/3 levels left

rFire   . . .      SeeInvis .   Y - +0 hand axe (chaos)
rCold   . . .      Faith    .   (no shield)
rNeg    . . .      Spirit   .   l - +0 ring mail
rPois   +          Reflect  .   (no helmet)
rElec   .          Harm     .   (no cloak)
rCorr   .          Rampage  .   (no gloves)
Will    .....                   (no boots)
Stlth   ..........              (no amulet)
HPRegen 0.12/turn               i - ring of poison resistance
MPRegen 0.09/turn               (no ring)

@: slow
A: amphibious, slowness 1, strong legs 1, +LOS
a: Hop


You were on level 2 of the Dungeon.
You visited 1 branch of the dungeon, and saw 2 of its levels.

You collected 96 gold pieces.


Innate Abilities, Weirdness & Mutations

You are amphibious.
You cover ground slowly.
You can hop short distances.
You have an extended range of vision and can be seen from far away.


   Skills:
 - Level 3.6 Fighting
 + Level 5.7 Axes
 - Level 2.4 Armour
 - Level 1.1 Dodging


You had 3 spell levels left.
You didn't know any spells.
Your spell library was empty.

Inventory:

Hand Weapons
 h - a +0 whip
 Y - a +0 hand axe of chaos (weapon)
Armour
 l - a +0 ring mail (worn)
Jewellery
 g - a ring of poison resistance
 i - a ring of poison resistance (left hand)
 j - a ring of fire
Scrolls
 b - a scroll of fog {unknown}
 e - a scroll of torment {unknown}
Potions
 a - a potion of brilliance {unknown}
 d - a potion of resistance {unknown}
 f - 2 potions of ambrosia {unknown}
 k - 2 potions of attraction {unknown}
 m - a potion of flight {unknown}
Miscellaneous
 c - a piece from Xom's chessboard (15/15)

Dungeon Overview and Level Annotations

Branches:
Dungeon (2/15)

Altars:
Xom


Message History

Enter note: The gnoll closely misses you. 2 gnolls come into view.
The gnoll shouts!
The gnoll misses you.
The gnoll hits you with a +1 spear of venom!
The gnoll closely misses you.
You hit the gnoll but do no damage. The gnoll closely misses you. x2
You hit the gnoll. You freeze the gnoll.
The gnoll is severely wounded.
The gnoll barely misses you. The gnoll hits you but does no damage.
You are poisoned.
You hit the gnoll. You freeze the gnoll.
The gnoll is almost dead.
You feel very sick.
The gnoll hits you from afar with a +0 spear.
The gnoll closely misses you.
You hit the gnoll.
You kill the gnoll!
You feel sick. The gnoll barely misses you.
You feel sick. The gnoll hits you with a +0 spear.
You see here a +1 spear of venom.
You hit the gnoll.
The gnoll is heavily wounded.
You feel sick. The gnoll hits you with a +0 spear.
You hit the gnoll but do no damage.
The gnoll is moderately wounded.
You feel sick. The gnoll hits you with a +0 spear.
You hit the gnoll. You burn the gnoll.
The gnoll is severely wounded.
You feel sick. The gnoll hits you with a +0 spear.
You hit the gnoll.
You kill the gnoll!
You feel sick.
You barely miss the gnoll.
You feel sick.
You are no longer poisoned.
The gnoll hits you with a +0 flail!
You die...

.........# ####....#.#.#######
.....................#.#####..
####.######## #..............#
#.# #.....##.####### #.#
#.#...##.# #.# #.#.#.##.####
#.# #............. #.#
#######.#.##.#####
#....g@......# #.#####.#.##.#
..#.# ## ###.# ..# ###


You could see a gnoll.

Vanquished Creatures
  3 adders (D:2)
  3 gnolls (D:2)
  A worm (D:2)
  A dart slug (D:1)
  A ball python (D:1)
  3 bats (D:2)
  2 endoplasms
  2 giant cockroaches (D:1)
  6 goblins
  3 hobgoblins
  2 quokkas
  2 frilled lizards
  A rat (D:1)
30 creatures vanquished.

Vanquished Creatures (others)
  2 fungi (D:1)
  A plant (D:1)
3 creatures vanquished.

Grand Total: 33 creatures vanquished

Notes
Turn   | Place    | Note
-------+----------+-------------------------------------------
     0 | D:1      | qw the Barachi Chaos Knight began the quest for the Orb.
     0 | D:1      | Reached XP level 1. HP: 18/18 MP: 1/1
     0 | D:1      | 0 ||| qw: Version: 0.1-a-108-g9e35731
     0 | D:1      | 0 ||| qw: Game counter: 6290
     0 | D:1      | 0 ||| qw: Always use a shield: true
     0 | D:1      | 0 ||| qw: God list: Okawaru
     0 | D:1      | 0 ||| qw: Allow faded altars: false
     0 | D:1      | 0 ||| qw: Do Orc after D:15 true
     0 | D:1      | 0 ||| qw: Do second Lair branch before Depths: true
     0 | D:1      | 0 ||| qw: Lair rune preference: random
     0 | D:1      | 0 ||| qw: Plans: Normal
     0 | D:1      | 0 ||| PLANNING D:1-11
     0 | D:1      | Fell from the grace of Xom
    34 | D:1      | 34 ||| Stepping ~*~*~tactically~*~*~ (stealth).
   282 | D:1      | 282 ||| Stepping ~*~*~tactically~*~*~ (stealth).
   287 | D:1      | Reached XP level 2. HP: 21/24 MP: 2/2
   292 | D:1      | Reached skill level 4 in Axes
   295 | D:1      | 295 ||| Stepping ~*~*~tactically~*~*~ (stealth).
   302 | D:1      | 302 ||| Stepping ~*~*~tactically~*~*~ (stealth).
   433 | D:1      | XOM: noise
   462 | D:1      | 462 ||| DROPPING +0 club.
   620 | D:1      | 620 ||| Stepping ~*~*~tactically~*~*~ (stealth).
   622 | D:1      | 622 ||| Stepping ~*~*~tactically~*~*~ (stealth).
   627 | D:1      | 627 ||| Stepping ~*~*~tactically~*~*~ (stealth).
   634 | D:1      | 634 ||| Stepping ~*~*~tactically~*~*~ (stealth).
   635 | D:1      | 635 ||| Stepping ~*~*~tactically~*~*~ (stealth).
   722 | D:1      | Found a faded altar of an unknown god.
   881 | D:1      | XOM: 4-stop teleportation journey
   893 | D:1      | XOM: summons 4 hostile shadow creatures
  1100 | D:1      | 1100 ||| UPGRADING to +0 ring mail.
  1110 | D:1      | 1110 ||| DROPPING +2 leather armour.
  1111 | D:1      | 1111 ||| UPGRADING to ring of poison resistance.
  1112 | D:1      | 1112 ||| READING scroll labelled RALLUMNYVE.
  1113 | D:1      | 1113 ||| DRINKING 2 lumpy grey potions.
  1211 | D:2      | 1211 ||| Stepping ~*~*~tactically~*~*~ (stealth).
  1212 | D:2      | 1212 ||| Stepping ~*~*~tactically~*~*~ (stealth).
  1213 | D:2      | 1213 ||| Stepping ~*~*~tactically~*~*~ (stealth).
  1242 | D:2      | Reached XP level 3. HP: 24/29 MP: 3/3
  1242 | D:2      | XOM: scenery: create altars
  1257 | D:2      | 1257 ||| Stepping ~*~*~tactically~*~*~ (stealth).
  1293 | D:2      | 1293 ||| Stepping ~*~*~tactically~*~*~ (stealth).
  1295 | D:2      | 1295 ||| Stepping ~*~*~tactically~*~*~ (stealth).
  1455 | D:2      | XOM: polymorph goblin -> gnoll
  1467 | D:2      | Reached skill level 5 in Axes
  1677 | D:2      | Reached XP level 4. HP: 9/36 MP: 4/4
  1677 | D:2      | 1677 ||| DRINKING potion of heal wounds.
  1683 | D:2      | XOM: stat loss: -2 Dex (10/12)
  1820 | D:2      | HP: 9/36 [gnoll/+0 spear (3)]
  1821 | D:2      | HP: 4/36 [gnoll/+0 spear (4)]
  1823 | D:2      | Mangled by a gnoll

Levels and vault maps discovered:
D:1:      lightli_arrival_lavapool, layout_rooms,
          shapermc_ecumenical_altar_rom_forum, fountainhead
D:2:      layout_basic

Skill      XL: |  1  2  3 |
---------------+----------+-----
Axes           | 4 5 |  5.7
Fighting       | |  3.6
Armour         | |  2.4
Dodging        | |  1.1

Action                   |  1- 3 |  4- 6 || total
-------------------------+-------+-------++-------
Melee: Hand axe          |   136 |    13 ||   149
Invok: Renounce Religion |     1 |       ||     1
  Use: Potion            |     1 |     1 ||     2
       Scroll            |     1 |       ||     1
Armor: Leather armour    |    40 |       ||    40
       Ring mail         |    14 |     2 ||    16
Dodge: Dodged            |    64 |    11 ||    75

Table legend:
 A = Non-vault XP
 B = Vault XP
 C = Vault XP percentage of total XP
 D = Non-vault monster count
 E = Vault monster count
 F = Vault count percentage of total count
                 A         B        C        D         E       F
            +---------+---------+-------+---------+---------+-------
      Total |     132 |       0 |   0.0 |      30 |       0 |   0.0
            +---------+---------+-------+---------+---------+-------
        D:1 |      29 |       0 |   0.0 |      15 |       0 |   0.0
        D:2 |     103 |       0 |   0.0 |      15 |       0 |   0.0
            +---------+---------+-------+---------+---------+-------
